 Dungeon Crawl Stone Soup version 0.19.0-1-g5985abe (webtiles) character file.

1780 tyranidshit the Fighter (level 8, -1/72 HPs)
             Began as a Demonspawn Abyssal Knight on Nov 2, 2016.
             Was a Priest of Lugonu.
             Slain by an adder (4 damage)
             ... on level 7 of the Dungeon.
             The game lasted 00:13:44 (5243 turns).

tyranidshit the Fighter (Demonspawn Abyssal Knight) Turns: 5243, Time: 00:13:44

Health: -1/72      AC: 12    Str: 14    XL:     8   Next: 81%
Magic:  12/12      EV: 10    Int: 14    God:    Lugonu [***...]
Gold:   322        SH:  0    Dex: 13    Spells: 0 memorised, 7 levels left

rFire  . . .     SeeInvis .     a - +2 hand axe
rCold  + . .     Gourm    .     z - +0 scale mail {rPois}
rNeg   . . .     Faith    .     (no shield)
rPois  +         Spirit   .     (helmet unavailable)
rElec  .         Reflect  .     i - +1 cloak
rCorr  .         Harm     .     l - +2 pair of gloves
MR     .....                    (no boots)
Stlth  +.........               (no amulet)
                                (no ring)
                                (no ring)

@: lethally poisoned (-1 -> -1)
A: horns 3, camouflage 1, cold resistance 1, poison resistance, spiny 1, sturdy
frame 1
a: Depart the Abyss, Bend Space, Banish, Renounce Religion


You were on level 7 of the Dungeon.
You worshipped Lugonu.
Lugonu was most pleased with you.
You were not hungry.

You visited 2 branches of the dungeon, and saw 8 of its levels.
You visited the Abyss 1 time.

You collected 322 gold pieces.

Inventory:

Hand Weapons
 a - a +2 hand axe (weapon)
 w - the +6 hunting sling of the Key {speed, +Blink Str+6 Int-3}
   (You found it on level 5 of the Dungeon)

   Attacks with this weapon are significantly faster.
   It affects your strength (+6).
   It affects your intelligence (-3).
   It lets you blink.
Armour
 i - a +1 cloak (worn)
 l - a +2 pair of gloves (worn)
 z - a +0 scale mail of poison resistance (worn)
Wands
 d - a wand of slowing (25/48)
 x - a wand of lightning (0/15)
 A - a wand of iceblast (9/15)
Scrolls
 e - a scroll of amnesia
 k - a scroll of fog
 m - a scroll of fear
 n - 6 scrolls of teleportation
 p - 3 scrolls of identify
 q - 4 scrolls of remove curse
Potions
 b - 2 potions of haste
 c - 5 potions of curing
 f - 3 potions of magic
 g - a potion of heal wounds
 o - a potion of resistance
 t - a potion of brilliance
Miscellaneous
 h - a sack of spiders
Comestibles
 j - 4 beef jerkies
 s - 2 bread rations
 v - a royal jelly


   Skills:
 - Level 10.2 Fighting
 - Level 1.7 Axes
 + Level 4.0 Armour
 - Level 0.8 Dodging
 + Level 5.8 Invocations
 - Level 1.1 Evocations


You had 7 spell levels left.
You didn't know any spells.

Dungeon Overview and Level Annotations

Branches:
Dungeon (7/15)             Temple (1/1) D:4

Altars:
Ashenzari
Cheibriados
Dithmenos
Elyvilon
Fedhas
Gozag
Hepliaklqana
Kikubaaqudgha
Makhleb
Nemelex Xobeh
Okawaru
Qazlal
Ru
Sif Muna
Trog
Uskayaw
Vehumet
Xom
Yredelemnul
Zin
The Shining One


Innate Abilities, Weirdness & Mutations

You have a pair of large horns on your head.
Your flesh is cold resistant. (rC+)
You are partially covered in sharp spines.
Your movements are slightly less encumbered by armour. (ER -2)
Your skin changes colour to match your surroundings (Stealth+).
Your system is resistant to poisons. (rPois)


Message History

The crimson imp hits you but does no damage.
You closely miss the crimson imp.
The crimson imp is lightly wounded.
You slash the jelly!
Your hands burn!
* * * LOW HITPOINT WARNING * * *
The crimson imp blinks!
The jelly is struck by your spines. The jelly misses you.
An adder comes into view.
The adder hisses angrily.
You hit the jelly.
Your hands burn!
* * * LOW HITPOINT WARNING * * *
The jelly is almost dead.
The crimson imp blinks!
The jelly is struck by your spines.
You kill the jelly!
Lugonu accepts your kill.
Your Armour skill increases to level 4!
The crimson imp is struck by your spines.
The crimson imp hits you but does no damage.
You feel sick. The adder is struck by your spines. The adder bites you.
You die...

###.....# ####
#.......#
.....##.#.....#
###......#####.#
...####.....#.#
#..#........# #
#..#.##.##..#
#..#.#...#..#
#..@..._......
###5S#...#.#..#
#..##.##.#..#
#....... #
#....(### #####.
.. ##


You could see a crimson imp and an adder.

Vanquished Creatures
  Grinder (D:4)
  2 sky beasts
  An orc warrior (D:7)
  3 ogres
  2 centaurs
  2 bullfrogs
  A scorpion (D:5)
  3 wights (D:6)
  A howler monkey (D:4)
  2 bullfrog zombies
  A jelly (D:7)
  An orc wizard (D:3)
  A centaur skeleton (D:4)
  Natasha (twice) (D:3)
  5 worker ants
  A howler monkey skeleton (D:5)
  6 adders
  2 shadow imps (D:5)
  An ooze (D:2)
  2 adder skeletons (D:4)
  4 worms
  3 dart slugs
  2 leopard geckos
  5 orcs
  9 bats
  6 giant cockroaches
  5 goblins
  6 hobgoblins
  14 jackals
  10 kobolds
  4 quokkas
  2 ball pythons
  8 frilled lizards
  2 rats
120 creatures vanquished.

Vanquished Creatures (collateral kills)
  An orc priest (D:3)
  An orc wizard (D:3)
2 creatures vanquished.

Vanquished Creatures (others)
  An orc wizard (D:7)
1 creature vanquished.

Grand Total: 123 creatures vanquished

Notes
Turn   | Place    | Note
-------+----------+-------------------------------------------
     0 | Abyss:1  | tyranidshit the Demonspawn Abyssal Knight began the quest for the Orb.
     0 | Abyss:1  | Reached XP level 1. HP: 18/18 MP: 2/2
   123 | Abyss:3  | Noticed a small abomination
   160 | Abyss:4  | Noticed a raiju
   162 | Abyss:4  | Noticed a raiju
   163 | D:1      | Escaped the Abyss
   301 | D:1      | Gained mutation: You have a pair of small horns on your head. [demonic ancestry]
   301 | D:1      | Reached XP level 2. HP: 8/24 MP: 3/3
   497 | D:1      | Reached skill level 1 in Evocations
   503 | D:1      | Reached * piety under Lugonu
  1024 | D:2      | Found a sacrificial altar of Ru.
  1024 | D:2      | Found a basalt altar of Yredelemnul.
  1024 | D:2      | Found a hide-covered altar of Uskayaw.
  1024 | D:2      | Found a glowing golden altar of the Shining One.
  1044 | D:2      | Gained mutation: Your movements are slightly less encumbered by armour. (ER -2) [demonic ancestry]
  1044 | D:2      | Reached XP level 3. HP: 29/30 MP: 4/4
  1070 | D:2      | Reached skill level 4 in Fighting
  1530 | D:2      | Gained mutation: You are partially covered in sharp spines. [demonic ancestry]
  1530 | D:2      | Reached XP level 4. HP: 38/38 MP: 5/5
  1935 | D:3      | Noticed Natasha
  1945 | D:3      | Killed Natasha
  1945 | D:3      | Reached skill level 5 in Fighting
  1960 | D:3      | Gained mutation: You evolve. [potion of beneficial mutation]
  2131 | D:3      | Found a shimmering altar of Xom.
  2132 | D:3      | Found a shimmering altar of Xom.
  2154 | D:3      | Found a shimmering altar of Xom.
  2160 | D:3      | Reached ** piety under Lugonu
  2166 | D:3      | Found a shimmering altar of Xom.
  2226 | D:3      | Gained mutation: You have a pair of horns on your head. [demonic ancestry]
  2226 | D:3      | Reached XP level 5. HP: 35/46 MP: 6/6
  2245 | D:3      | Reached skill level 6 in Fighting
  2660 | D:3      | Noticed Natasha
  2672 | D:3      | Killed Natasha
  2687 | D:3      | Gained mutation: Your skin changes colour to match your surroundings (Stealth+). [evolution]
  2842 | D:4      | Found a staircase to the Ecumenical Temple.
  2856 | Temple   | Entered the Ecumenical Temple
  3274 | D:4      | Gained mutation: You have a pair of large horns on your head. [demonic ancestry]
  3274 | D:4      | Reached XP level 6. HP: 53/53 MP: 7/7
  3376 | D:4      | Reached skill level 7 in Fighting
  3621 | D:4      | Noticed Grinder
  3621 | D:4      | Paralysed by Grinder for 2 turns
  3656 | D:4      | Killed Grinder
  3656 | D:4      | Reached skill level 8 in Fighting
  3656 | D:4      | Gained mutation: Your flesh is cold resistant. (rC+) [demonic ancestry]
  3656 | D:4      | Reached XP level 7. HP: 36/62 MP: 8/8
  3953 | D:5      | Entered Level 5 of the Dungeon
  4052 | D:5      | Got a crystal hunting sling
  4054 | D:5      | Identified the +6 hunting sling of the Key {speed, +Blink Str+6 Int-3} (You found it on level 5 of the Dungeon)
  4220 | D:5      | Found a hazy altar of Hepliaklqana.
  4222 | D:5      | Found a shattered altar of Ashenzari.
  4301 | D:5      | Found a faded altar of an unknown god.
  4301 | D:5      | Found a deep blue altar of Sif Muna.
  4312 | D:5      | Found a faded altar of an unknown god.
  4314 | D:5      | Found a faded altar of an unknown god.
  4316 | D:5      | Found a faded altar of an unknown god.
  4357 | D:5      | Found a blossoming altar of Fedhas.
  4507 | D:6      | Reached skill level 9 in Fighting
  4564 | D:6      | Found a sacrificial altar of Ru.
  4618 | D:6      | Reached *** piety under Lugonu
  4738 | D:6      | Reached XP level 8. HP: 72/72 MP: 9/9
  4919 | D:6      | Reached skill level 10 in Fighting
  5099 | D:7      | Gained mutation: You are robust. (+10% HP) [potion of mutation]
  5099 | D:7      | Gained mutation: Your spells are a little easier to cast, but a little less powerful. [potion of mutation]
  5099 | D:7      | Lost mutation: You are robust. (+10% HP) [potion of mutation]
  5103 | D:7      | Lost mutation: You evolve. [mutagenic meat]
  5104 | D:7      | Gained mutation: Your system is resistant to poisons. (rPois) [mutagenic meat]
  5105 | D:7      | Lost mutation: Your spells are a little easier to cast, but a little less powerful. [mutagenic meat]
  5211 | D:7      | Reached skill level 5 in Invocations
  5232 | D:7      | Found an iron altar of Okawaru.
  5242 | D:7      | HP: 3/72 [acid (4)]
  5243 | D:7      | Slain by an adder

Skill      XL: |  1  2  3  4  5  6  7  8 |
---------------+-------------------------+-----
Evocations     | 1 |  1.1
Fighting       | 4 5 6 8 9 10 | 10.2
Armour         | 4 |  4.0
Invocations    | 5 |  5.8
Axes           | |  1.7
Dodging        | |  0.8

Action                   |  1- 3 |  4- 6 |  7- 9 || total
-------------------------+-------+-------+-------++-------
Melee: Hand axe          |   127 |   128 |   101 ||   356
       Headbutt          |    15 |    17 |    17 ||    49
       Great sword       |       |       |     7 ||     7
Invok: Depart the Abyss  |     1 |       |       ||     1
Evoke: Sack of spiders   |       |     1 |       ||     1
       Wand              |       |       |     6 ||     6
  Use: Scroll            |     3 |     8 |     9 ||    20
       Potion            |       |     3 |     3 ||     6
 Stab: Distracted        |       |     1 |       ||     1
  Eat: Bread ration      |     1 |       |       ||     1
       Chunk             |       |     1 |     4 ||     5
       Meat ration       |       |     1 |       ||     1
       Pizza             |       |     1 |       ||     1
       Fruit             |       |       |     4 ||     4
Armor: Chain mail        |    99 |    62 |    28 ||   189
       Leather armour    |     4 |       |       ||     4
       Scale mail        |       |       |    37 ||    37
Dodge: Dodged            |    56 |    45 |    49 ||   150
       Rpst.: Great sword |       |       |     4 ||     4
